 Dungeon Crawl Stone Soup version 0.18.1-48-g4cf74bf (webtiles) character file.

153 MistressOfTheDunes the Insei (level 5, -2/28 HPs)
             Began as a Vine Stalker Monk on June 25, 2016.
             Shot with an arrow by a centaur (6 damage)
             ... on level 4 of the Dungeon.
             The game lasted 00:03:00 (1714 turns).

MistressOfTheDunes the Insei (Vine Stalker Monk)    Turns: 1714, Time: 00:03:00

Health: -2/28      AC:  4    Str: 14    XL:     5   Next: 35%
Magic:  0/6        EV: 17    Int: 10    God:
Gold:   122        SH:  0    Dex: 17    Spells: 0 memorised, 4 levels left

rFire  . . .     SeeInvis .       - Unarmed
rCold  . . .     Gourm    .     k - +0 leather armour
rNeg   . . .     Faith    .     (no shield)
rPois  .         Spirit   +     c - +0 helmet
rElec  .         Dismiss  .     (no cloak)
rCorr  .         Reflect  .     (no gloves)
SustAt .         Harm     .     (no boots)
MR     .....                    (no amulet)
Stlth  ++........               (no ring)
                                g - +5 ring of evasion

@: not resistant to hostile enchantments, unstealthy
A: fangs 2, regeneration 1, magic shield, antimagic bite, no device heal 3, rot
immunity
a: no special abilities


You were on level 4 of the Dungeon.
You were not hungry.

You visited 1 branch of the dungeon, and saw 4 of its levels.

You collected 122 gold pieces.


Innate Abilities, Weirdness & Mutations

You have extremely sharp teeth.
Your natural rate of healing is unusually fast.
When hurt, damage is shared between your health and your magic reserves.
Your bite disrupts and absorbs the magic of your enemies.
Potions and wands cannot restore your health.
You are immune to rotting.


   Skills:
 + Level 3.2 Fighting
 - Level 2.4 Dodging
 - Level 2.4 Stealth
 - Level 6.1 Unarmed Combat


You had 4 spell levels left.
You didn't know any spells.

Inventory:

Armour
 c - a +0 helmet (worn)
 k - a +0 leather armour (worn)
Jewellery
 g - a +5 ring of evasion (left hand)
Scrolls
 a - 3 scrolls of teleportation {unknown}
 d - a scroll of fear {unknown}
 e - 2 scrolls of identify {unknown}
 f - a scroll of remove curse {unknown}
 i - 2 scrolls of random uselessness {unknown}
 l - a scroll of amnesia {unknown}
 m - a scroll of fog {unknown}
Comestibles
 b - 2 bread rations
 h - a slice of pizza
 j - 2 chunks of flesh

Dungeon Overview and Level Annotations

Branches:
Dungeon (4/15)
 Temple: D:4-7

Altars:
Ashenzari
Nemelex Xobeh
Pakellas

▒▒▒▒▒<▒▒▒▒▒▒▒▒▒.
▒..)............
▒.▒▒▒......▒▒▒▒.
▒.....((.▒.▒
.▒▒..?.(...▒.▒▒
...............
.▒▒.▒..(........
...▒.▒....▒....
.▒.
▒..f...▒▒▒▒.▒
▒.............
/.....c........
▒▒...▒▒▒.▒.....
▒... .......
.... .....▒.
...▒ ....... ...
.......


You could see a centaur.


Message History

Found a falchion and a scroll labeled LICEGETEZO!
There is a stone staircase leading up here!
Found a scroll labeled GYL AQYFIOJ!
a - 3 scrolls labeled LICEGETEZO (gained 1)
A centaur comes into view!
The centaur shouts!!!
The centaur wields a shortbow!
The centaur shoots an arrow!
The arrow hits you!
You see here an arrow!
A centaur is nearby!!!
A centaur is nearby!!!
A centaur is nearby!!!
The centaur shoots an arrow!
The arrow hits you!
The centaur shoots an arrow!
The arrow misses you!
You see here an arrow!
The centaur shoots an arrow!
The arrow completely misses you!
The centaur shoots an arrow!
The arrow hits you!!!
You see here an arrow!
You are too injured to fight recklessly!!!
You are too injured to fight recklessly!!!
You are too injured to fight recklessly!!!
You are too injured to fight recklessly!!!
You are too injured to fight recklessly!!!
You are too injured to fight recklessly!!!
You are too injured to fight recklessly!!!
The centaur shoots an arrow!
The arrow closely misses you!
The centaur shoots an arrow!
The arrow hits you!!! * * * don't die
* * *
Found a gold wand!
The centaur shoots an arrow!
The arrow hits you!!! rip

Action                   |  1- 3 |  4- 6 || total
-------------------------+-------+-------++-------
Melee: Unarmed           |    87 |   103 ||   190
       Bite              |    19 |    28 ||    47
       Punch             |     4 |     1 ||     5
 Stab: Sleeping          |     9 |     3 ||    12
  Eat: Chunk             |       |     3 ||     3
Armor: Skin              |     7 |     2 ||     9
       Leather armour    |       |     7 ||     7
Dodge: Dodged            |    51 |   105 ||   156

Vault maps used:
D:1:      dpeg_arrival_rhombi, st_stairs_3, minmay_misc_feat_nine_boxes,
          nemelex_deck
D:2:      overflow_temple_1_default, uniq_iyjb
D:3:      grunt_pakellas_basics, first_bread, st_stairs_10
D:4:      lemuel_coloured_pillars_altar, lemuel_crystal_altar, serial_shops,
          nicolae_shop_temple_entry_statues_fountains

Notes
Turn   | Place    | Note
--------------------------------------------------------------
     0 | D:1      | MistressOfTheDunes the Vine Stalker Monk began the quest for the Orb.
     0 | D:1      | Reached XP level 1. HP: 11/11 MP: 2/2
    36 | D:1      | Found a sparkling altar of Nemelex Xobeh.
   152 | D:1      | Reached XP level 2. HP: 16/16 MP: 3/3
   505 | D:1      | Reached XP level 3. HP: 19/19 MP: 2/4
   609 | D:1      | Reached skill level 5 in Unarmed Combat
   969 | D:2      | Reached XP level 4. HP: 23/23 MP: 5/5
  1053 | D:2      | Found a shattered altar of Ashenzari.
  1135 | D:2      | Noticed Ijyb
  1161 | D:2      | Killed Ijyb
  1161 | D:2      | Reached skill level 6 in Unarmed Combat
  1238 | D:2      | Reached XP level 5. HP: 21/27 MP: 6/6
  1416 | D:3      | Reached skill level 3 in Fighting
  1474 | D:3      | Found an oddly glowing altar of Pakellas.
  1709 | D:4      | Noticed a centaur
  1714 | D:4      | Shot with an arrow by a centaur

Vanquished Creatures
  Ijyb (D:2)
  3 adders (D:2)
  An ooze (D:2)
  3 worms
  4 dart slugs
  A giant gecko (D:2)
  4 orcs (D:3)
  A ball python (D:3)
  4 giant cockroaches
  6 goblins
  10 hobgoblins
  8 jackals
  A quokka (D:2)
  8 bats
  2 giant newts
  6 kobolds
  6 rats
69 creatures vanquished.
